[Event "Late-Titled-Tuesday-Blitz-March-12-2024"]
[Site "Chess.com"]
[Date "2024.03.12"]
[Round "2"]
[White "Jospem"]
[Black "GaiozNigalidze"]
[Result "1-0"]
[WhiteElo "3118"]
[BlackElo "2717"]
[TimeControl "180+1"]
[EndTime "14:17:50 PDT"]
[Termination "Jospem won by resignation"]

1. e4 c5 2. Nf3 d6 3. c3 Nf6 4.
h3 Nc6 5. Bd3 e5 6. Bc2 Be7 7.
d3 O-O 8. Bg5 h6 9. Bxf6 Bxf6 10. Bb3 Be6 11. Bxe6 fxe6 12. Nbd2 Qd7 13. O-O b5 14. a4 a6 15. axb5 axb5 16. Qb3 Rab8 17. Ra6 Kh8 18. Qa2 d5 19. Nb3 Be7 20. Na5 Nxa5 21. Nxe5 Qe8 22. Rxe6 Rf6 23. exd5 Rxe6 24. dxe6 Nc6 25. Nd7 Rd8 26. Re1 Nb8 27. Ne5 Rc8 28. Qd5 Nc6 29. Nf7+ Kg8 30. Re3 Nd8 31. Ne5 Bf6 32.
e7+ Kh7 33. exd8=Q Rxd8 34. Qe4+ Kg8 35. f4 Qe6 36.
Kh2 Re8 37. Ng4 Qxe4 38. Nxf6+ gxf6 39. Rxe4 Rd8 40. Re3 Kf7 41. Kg3 Ra8 42. Kf3 Ra1 43. Re2 Rf1+ 44. Ke4 Ke6 45. g4 Rh1 46. d4 Rxh3 47.
dxc5 Rg3 48. f5+ Kd7 49. Kf4 Rg1 50. Re6 Rf1+ 51. Kg3 Rb1 52. Rxf6 Rxb2 53. Rb6 Rb3 54. Kh4 Rb1 55. Rxh6 Rh1+ 56. Kg5 Rc1 57. Rb6 Rxc3 58.
Rxb5 Kc6 59. Ra5 Rf3 60. f6 Rf2 61. Kg6 Ra2 62. Rxa2 1-0

[Event "Late-Titled-Tuesday-Blitz-March-12-2024"]
[Site "Chess.com"]
[Date "2024.03.12"]
[Round "2"]
[White "yaguigor"]
[Black "Resignify"]
[Result "1/2-1/2"]
[WhiteElo "2611"]
[BlackElo "2249"]
[TimeControl "180+1"]
[EndTime "14:17:51 PDT"]
[Termination "Game drawn by repetition"]

1. d4 Nf6 2. c4 g6 3. Nc3 Bg7 4. e4 d6 5. Be2 O-O 6. Nf3 e5 7. Be3 Nbd7 8. O-O Ng4 9. Bg5 f6 10. Bd2 Nh6 11. b4 Nf7 12. dxe5 dxe5 13. c5 Bh6 14.
Bc4 Kg7 15. Qc2 Bxd2 16. Nxd2 Re8 17. Rad1 c6 18. Bxf7 Kxf7 19. Nc4 Kg7 20. Nd6 Re7 21. Nxc8 Qxc8 22. Rd6 Nf8 23. Rfd1 Qe8 24. Qb3 Qf7 25. Qxf7+ Kxf7 26. g3 Rae8 27. f3 Ne6 28. Ne2 Kf8 29.
Kf2 Kf7 30. Ke3 Nf8 31. a4 Rc8 32. a5 Rcc7 33. Nc3 Ne6 34. Ne2 Nf8 35. Rd8 a6 36. R1d6 Rcd7 37. Nc3 Rxd6 38. cxd6 Rd7 39. Rxd7+ Nxd7 40. Na4 Ke6 41. Nc5+ Kxd6 42. Nxb7+ Kc7 43. Nc5 Nxc5 44.
bxc5 Kd7 45. f4 h5 46. Kf3 Ke6 47. h3 Kf7 48. g4 hxg4+ 49. Kxg4 exf4 50. Kxf4 Ke6 51. h4 Ke7 52. Ke3 Ke6 53. Kf4 Ke7 54. Kg4 Ke6 55.
Kf4 1/2-1/2

[Event "Late-Titled-Tuesday-Blitz-March-12-2024"]
[Site "Chess.com"]
[Date "2024.03.12"]
[Round "2"]
[White "wild3000"]
[Black "HaryKane"]
[Result "0-1"]
[WhiteElo "2407"]
[BlackElo "2602"]
[TimeControl "180+1"]
[EndTime "14:17:51 PDT"]
[Termination "HaryKane won by checkmate"]

1. d4 e6 2. Nf3 d5 3. e3 f5 4. c4 Nf6 5. Nc3 c6 6. c5 b6 7. b4 a5 8. b5 bxc5 9. dxc5 Bxc5 10.
Bb2 O-O 11. Be2 cxb5 12. Bxb5 Ba6 13. O-O Qe7 14. a4 Nbd7 15. Qe2 Bxb5 16. Nxb5 Ne4 17.
Nfd4 Rfc8 18. Rfc1 Nb6 19. f3 Nf6 20. Nb3 Bb4 21. Bd4 Nc4 22. Rc2 e5 23. Bc3 Bxc3 24. Rxc3 Qb4 25. Rac1 Rc6 26. Nd2 Qxa4 27. Nxc4 Qxb5 28.
Qb2 Qxb2 29. Nxb2 Rxc3 30. Rxc3 Rb8 31. Nd3 e4 32. Nf4 a4 33. Ra3 Rb4 34. Ne6 Nd7 35.
Nc7 Nb6 36. Kf2 Nc4 37. Ra1 Rb2+ 38. Kg3 Nxe3 39. Kf4 Nxg2+ 40. Kxf5 e3 41. Nxd5 e2 42. Rxa4 g6+ 43. Kf6 Rb8 44. Ne7+ Kh8 45. Kg5 e1=Q 46. Nxg6+ hxg6 47. Kxg6 Qe6+ 48. Kg5 Rg8+ 49. Kh5 Qg6# 0-1

[Event "Late-Titled-Tuesday-Blitz-March-12-2024"]
[Site "Chess.com"]
[Date "2024.03.12"]
[Round "2"]
[White "GothamChess"]
[Black "sergoy"]
[Result "0-1"]
[WhiteElo "2687"]
[BlackElo "3027"]
[TimeControl "180+1"]
[EndTime "14:17:52 PDT"]
[Termination "sergoy won by checkmate"]

1. e4 c5 2. Nc3 Nc6 3. Bb5 g6 4. Bxc6 dxc6 5. d3 Bg7 6. f4 Nf6 7. Nf3 O-O 8. O-O b6 9. Qe1 Bg4 10. Qh4 Bxf3 11. Rxf3 e6 12. Be3 h5 13. h3 Qe7 14. Raf1 Nd5 15. Qxe7 Nxe7 16. g4 hxg4 17.
hxg4 f6 18. Kg2 Kf7 19. Rh3 Rh8 20. Rfh1 Rxh3 21. Rxh3 Kg8 22. Kf3 a5 23. Na4 Rb8 24.
c4 Rb7 25. b3 Nc8 26. d4 cxd4 27. Bxd4 c5 28. Bc3 Rd7 29. Ke2 Kf7 30. e5 fxe5 31. fxe5 g5 32. Rf3+ Kg6 33. Rd3 Rxd3 34. Kxd3 Bf8 35. Ke4 Be7 36. Bd2 Bd8 37. Nc3 Ne7 38.
Nb5 Ng8 39. a3 Nh6 40. Kf3 Nf7 41. Ke4 Nh6 42. Kf3 Nf7 43. Bc3 Be7 44. Nc7 Nd8 45. Na8 Nc6 46. Nxb6 Kf7 47. Ke4 Ke8 48. Na4 Kd7 49.
Nb2 Kc7 50. Nd3 Kb6 51. a4 Nd8 52. Ne1 Nf7 53. Nf3 Nh6 54. Nh2 Nf7 55. Bd2 Nh6 56.
Be3 Kc6 57. Nf3 Nxg4 58. Bxg5 Bf8 59. Bh4 Bh6 60. Bd8 Nf2# 0-1

[Event "Late-Titled-Tuesday-Blitz-March-12-2024"]
[Site "Chess.com"]
[Date "2024.03.12"]
[Round "2"]
[White "Zavgorodniy_Sergiy"]
[Black "AlexeiShirov"]
[Result "1-0"]
[WhiteElo "2617"]
[BlackElo "2862"]
[TimeControl "180+1"]
[EndTime "14:17:53 PDT"]
[Termination "Zavgorodniy_Sergiy won by resignation"]

1. d4 d5 2. c4 c6 3. e3 Nf6 4.
Bd3 Bg4 5. Qc2 e6 6. Nd2 Nbd7 7. Ngf3 Bd6 8. b3 Qe7 9. Bb2 Ba3 10. Bc3 Bb4 11.
O-O Bxc3 12. Qxc3 O-O 13. h3 Bh5 14. b4 Bg6 15. Bxg6 hxg6 16. Rab1 Ne4 17. Nxe4 dxe4 18.
Ne5 Nxe5 19. dxe5 Rfd8 20. Rfd1 Qg5 21. Rd6 Qh5 22. Qd4 Rxd6 23. exd6 Qe2 24. Rb2 Qd3 25. Qxd3 exd3 26. Rd2 Kf8 27. Rxd3 Ke8 28. c5 Kd7 29.
Kf1 b6 30. Ra3 bxc5 31. bxc5 a5 32. Rb3 Ra7 33. a4 e5 34. e4 f5 35. Ke2 fxe4 36. Ke3 Ke6 37. Kxe4 Rf7 38. Rb6 Rf4+ 39. Ke3 Kd5 40.
d7 Rf8 41. Ra6 Rd8 42. Rxa5 Rxd7 43. f4 Rb7 44. fxe5 Kxe5 45. Kf3 Rb3+ 46. Kg4 Rb2 47. g3 Kf6 48. Ra6 Rb4+ 49. Kf3 Rb3+ 50. Kf2 Rb2+ 51. Ke3 Rb3+ 52. Kd4 Rxg3 53. Rxc6+ Ke7 54. a5 Rxh3 55. Rxg6 Ra3 56. Rxg7+ Kf6 57. Ra7 Ke6 58. Kc4 Ra1 59. Kb5 Kd5 60. Rd7+ Ke6 61. Rd6+ Ke7 62. a6 Rb1+ 63.
Kc6 Ra1 64. Kb7 Rb1+ 65. Rb6 1-0

[Event "Late-Titled-Tuesday-Blitz-March-12-2024"]
[Site "Chess.com"]
[Date "2024.03.12"]
[Round "2"]
[White "thesupera12"]
[Black "Kosak12"]
[Result "0-1"]
[WhiteElo "2441"]
[BlackElo "2791"]
[TimeControl "180+1"]
[EndTime "14:17:54 PDT"]
[Termination "Kosak12 won by resignation"]

1. d4 Nf6 2. Bg5 g6 3. Bxf6 exf6 4. e3 Bg7 5. c4 O-O 6. Nc3 f5 7. Nf3 Re8 8. g3 d6 9. Bg2 Nd7 10. O-O Nf6 11. Rc1 h5 12. b4 Bd7 13. c5 Bh6 14.
Qb3 a6 15. cxd6 cxd6 16. Nd5 Nxd5 17. Qxd5 Bc6 18. Qb3 Qd7 19. Rc3 Rac8 20. Rfc1 Bb5 21.
Nd2 h4 22. Bd5 Kg7 23. Nc4 hxg3 24. hxg3 Qe7 25. Nxd6 Qxd6 26. Rxc8 Re7 27. a4 Bd7 28. R8c7 Rxe3 29. fxe3 Qxg3+ 30. Kf1 Bxe3 31. R1c2 Qf4+ 32.
Ke2 Qf2+ 33. Kd3 Qe1 34. Rxd7 Bf4 35. Rxf7+ Kh6 36. Kc4 Qf1+ 37. Qd3 b5+ 38. axb5 axb5+ 39. Kc3 Qa1+ 40. Kb3 Qb1+ 41. Ka3 Bc1+ 42. Rxc1 Qxd3+ 43. Kb2 Qxd4+ 44. Kb1 Qxd5 45. Rfc7 Qe4+ 46. Kb2 Qxb4+ 47. Ka2 Qa4+ 48. Kb2 b4 49. Rc8 Qa3+ 50. Kb1 b3 51. R1c3 Qa2+ 52. Kc1 b2+ 53. Kd2 b1=Q+ 0-1

[Event "Late-Titled-Tuesday-Blitz-March-12-2024"]
[Site "Chess.com"]
[Date "2024.03.12"]
[Round "2"]
[White "DucksParadise"]
[Black "Misterfox120"]
[Result "1-0"]
[WhiteElo "2568"]
[BlackElo "2374"]
[TimeControl "180+1"]
[EndTime "14:17:54 PDT"]
[Termination "DucksParadise won by resignation"]

1. e4 e5 2. Nf3 Nf6 3. d4 Nxe4 4. Bd3 d5 5. Nxe5 Nd7 6. Nxd7 Bxd7 7. Nd2 Nxd2 8. Bxd2 Qe7+ 9. Qe2 Qxe2+ 10. Kxe2 Bd6 11. Rae1 f6 12. f3 Kf7 13. Kf2 g6 14. h4 Rae8 15. g4 Rxe1 16. Rxe1 Re8 17. Rh1 c5 18. h5 Kg7 19. c3 cxd4 20. cxd4 f5 21. h6+ Kf7 22.
g5 a6 23. a3 Rc8 24. Bb4 Bxb4 25. axb4 Bb5 26. Bxb5 axb5 27. Ra1 Ke6 28. Ke3 Kd6 29. Ra5 Kc6 30. Kf4 Re8 31. Ra3 Kd6 32. Rc3 b6 33. Ra3 Re7 34. Ra8 Ke6 35. Rb8 Rc7 36. Rxb6+ Kd7 37. Rxb5 Rc4 38. Rxd5+ Ke6 39. Rd8 Rxb4 40.
Rh8 Rxd4+ 41. Ke3 Rb4 42. Rxh7 f4+ 43. Kd3 Kf5 44. Rg7 Rb8 45. h7 Rh8 46. b4 Kxg5 47. b5 Kf6 48. Rc7 Rb8 49. b6 g5 50. b7 Rd8+ 51. Ke4 Re8+ 52. Kd4 Rd8+ 53. Kc5 g4 54. fxg4 f3 55. Rc8 Rd1 56. h8=Q+ 1-0

[Event "Late-Titled-Tuesday-Blitz-March-12-2024"]
[Site "Chess.com"]
[Date "2024.03.12"]
[Round "2"]
[White "OverallStranger"]
[Black "Rud_2008"]
[Result "0-1"]
[WhiteElo "2403"]
[BlackElo "2768"]
[TimeControl "180+1"]
[EndTime "14:17:55 PDT"]
[Termination "Rud_2008 won by resignation"]

1. e4 e5 2. Nf3 Nc6 3. d4 exd4 4. Nxd4 Bc5 5. Nb3 Bb6 6. Nc3 Nf6 7. Qe2 a5 8. a4 O-O 9. Bg5 Nd4 10. Qd2 Nxb3 11.
cxb3 h6 12. Be3 Bxe3 13. Qxe3 Re8 14. O-O-O d6 15. f3 Be6 16. Bc4 Qe7 17. g4 c6 18. Rhe1 Nd7 19. Bxe6 Qxe6 20. Ne2 Nc5 21. Nd4 Qf6 22. Qc3 g6 23. Kc2 Qe5 24. Rd2 Na6 25. Ne2 Nb4+ 26. Kb1 Qxh2 27. Nc1 Qe5 28. Qe3 Kg7 29. Rh1 g5 30. Rdh2 Re6 31. Nd3 Nxd3 32. Qxd3 Rd8 33. Qc3 Qxc3 34. bxc3 d5 35. Rd2 Red6 36.
Rhd1 Kf6 37. c4 d4 38. Kc2 c5 39. Kd3 Ke5 40. Rh2 Rf6 41. Rdh1 Rxf3+ 42. Kc2 Rf6 43. Rxh6 Rxh6 44. Rxh6 Kxe4 45. Rf6 Rd7 46. Rf5 Ke3 47.
Re5+ Kf4 48. Rxc5 Kxg4 49. Kd3 Kf4 50. Rxa5 g4 51. Rd5 Rxd5 52. cxd5 Ke5 53. d6 Kxd6 54.
Kxd4 f5 55. b4 g3 56. Ke3 f4+ 57.
Kf3 Kd5 58. a5 Kc4 59. b5 Kxb5 60. Kxf4 g2 0-1

[Event "Late-Titled-Tuesday-Blitz-March-12-2024"]
[Site "Chess.com"]
[Date "2024.03.12"]
[Round "2"]
[White "pirulillo"]
[Black "jstopa4"]
[Result "0-1"]
[WhiteElo "2297"]
[BlackElo "2751"]
[TimeControl "180+1"]
[EndTime "14:17:55 PDT"]
[Termination "jstopa4 won by resignation"]

1. e4 e6 2. d3 d5 3. Nd2 Nc6 4. Ngf3 dxe4 5. dxe4 e5 6. Bb5 Bd6 7. Nc4 Qe7 8. Nxd6+ cxd6 9. b3 Bg4 10. h3 Bh5 11. Ba3 Rd8 12. g4 Bg6 13. Qe2 Nf6 14. Bd3 O-O 15.
c4 Qc7 16. O-O-O Qa5 17. Kb2 a6 18. h4 h5 19. g5 Ne8 20. Qd2 Qb6 21. Kb1 a5 22.
Ne1 Nc7 23. Nc2 Ne6 24. Ne3 Nf4 25. Nd5 Nxd5 26. exd5 e4 27. Bc2 Nb4 28. Qe3 Qxe3 29. fxe3 Na6 30. Rhf1 b6 31. Rf4 Rfe8 32. Rd4 Nc5 33.
Bxc5 bxc5 34. Rd1 Rb8 35. a4 Rb4 36. Kb2 Reb8 37. Kc3 Kf8 38. Rdf1 Re8 39. R1f2 Re7 40. Rf1 Ke8 41. R1f2 Kd7 42. Rf1 Rb8 43. R1f2 Rf8 44. Rf1 Rfe8 45. R1f2 Rf8 46. Rf1 Re5 47. R1f2 Ke7 48.
Rg2 Bf5 49. Bd1 g6 50. Rgf2 f6 51. Be2 fxg5 52. hxg5 Rh8 53. Bf1 Kd7 54. Rh2 Re7 55. Bh3 Bxh3 56. Rxh3 Re5 57. Rf7+ Re7 58. Rf6 Rg8 59.
Rxh5 gxh5 0-1

[Event "Late-Titled-Tuesday-Blitz-March-12-2024"]
[Site "Chess.com"]
[Date "2024.03.12"]
[Round "2"]
[White "Roedor"]
[Black "joksijoksi"]
[Result "1-0"]
[WhiteElo "2286"]
[BlackElo "2591"]
[TimeControl "180+1"]
[EndTime "14:17:55 PDT"]
[Termination "Roedor won by resignation"]

1. c4 c6 2. d4 d5 3. Nf3 Nf6 4. Qb3 g6 5. Nc3 Bg7 6. Bg5 dxc4 7. Qxc4 O-O 8. e3 h6 9. Bh4 Be6 10. Qd3 Nbd7 11. Be2 Nb6 12. O-O Bc4 13. Qd2 Bxe2 14. Qxe2 Nbd5 15. Rfd1 Nxc3 16. bxc3 Ne4 17. Rac1 g5 18.
Bg3 e6 19. Nd2 Nxg3 20. hxg3 f5 21. Qc4 Qd5 22. Qb3 Rf7 23. c4 Qd8 24. a4 f4 25.
exf4 gxf4 26. Ne4 Qf8 27. c5 Rd8 28. Qxe6 Re8 29. Qg6 fxg3 30. Nxg3 Rf6 31. Qg4 Rf4 32. Qg6 Qf7 33. Qxf7+ Rxf7 34. d5 cxd5 35. Rxd5 Rc7 36.
Nf5 b6 37. c6 Rec8 38. Kh2 Rf8 39. g4 Kh7 40. f4 Rfc8 41. Rd7 Rxd7 42. cxd7 Rd8 43.
Rc7 Bf6 44. Rxa7 Kg6 45. Kg3 h5 46. Rb7 hxg4 47. Kxg4 Bc3 48. Rxb6+ Kf7 49. Rd6 Bb4 50. Rd3 Ba5 51. Nd6+ Ke6 52. Nb7 Rxd7 53. Rxd7 Kxd7 54. Nxa5 1-0

[Event "Late-Titled-Tuesday-Blitz-March-12-2024"]
[Site "Chess.com"]
[Date "2024.03.12"]
[Round "2"]
[White "sjoerd893"]
[Black "2L8IWUN"]
[Result "1-0"]
[WhiteElo "2489"]
[BlackElo "2166"]
[TimeControl "180+1"]
[EndTime "14:17:56 PDT"]
[Termination "sjoerd893 won on time"]

1. e4 e5 2. Nf3 Nc6 3. Bc4 Bc5 4.
c3 Nf6 5. d3 a6 6. a4 O-O 7.
Nbd2 d6 8. Nf1 Be6 9. Bb3 Bxb3 10. Qxb3 d5 11. Ng3 dxe4 12. dxe4 Qd3 13. Qxb7 Nxe4 14.
Nxe4 Qxe4+ 15. Kf1 Qc4+ 16. Kg1 Na5 17. Nd2 Qe2 18.
Qf3 Qe1+ 19. Nf1 Nb3 20. Rb1 Nxc1 21. h3 Ne2+ 22. Kh2 Qxb1 23. Qxe2 Rfe8 24. b4 Bd6 25. Ne3 Qb3 26. a5 e4+ 27. g3 Qxc3 28. Rb1 Rab8 29. Qxa6 Rxb4 30. Rd1 Rd4 31. Rf1 Rd2 32. Qb5 Rf8 33.
Ng2 Rxf2 34. Rxf2 Bxg3+ 35. Kg1 Bxf2+ 36. Kxf2 Qf3+ 37. Kg1 e3 38. a6 Qf2+ 39. Kh2 e2 40. Qe5 c5 41. a7 c4 42. Qe4 c3 43. a8=Q e1=Q 44. Qxf8+ Kxf8 45. Qxe1 Qxe1 46. Nxe1 Ke7 47. Nc2 Ke6 48. Kg3 Ke5 49. Kf3 f5 50. Ke3 g5 51.
Kd3 h5 52. Ne1 h4 53. Ke3 g4 54. Nd3+ Kf6 55. Nf4 1-0

[Event "Late-Titled-Tuesday-Blitz-March-12-2024"]
[Site "Chess.com"]
[Date "2024.03.12"]
[Round "2"]
[White "Gryffindorac8"]
[Black "zajka-molotok"]
[Result "0-1"]
[WhiteElo "2369"]
[BlackElo "2568"]
[TimeControl "180+1"]
[EndTime "14:17:57 PDT"]
[Termination "zajka-molotok won on time"]

1. d4 d5 2. c4 e6 3. Nf3 Nf6 4.
g3 h6 5. Bg2 Bd6 6. O-O O-O 7.
Qc2 b6 8. cxd5 exd5 9. Nc3 a6 10.
Bf4 Bxf4 11. gxf4 c5 12. Rad1 c4 13. Ne5 b5 14. a3 Bb7 15. Kh1 Nc6 16. Bf3 Ne7 17. Rg1 Bc8 18. Rg2 Bf5 19. Qd2 Ng6 20. Rdg1 Qd6 21. e3 Rab8 22. Ne2 Be4 23. Bxe4 Nxe4 24.
Qe1 Rb7 25. Nxg6 fxg6 26. Rxg6 Rf6 27. Rxf6 Qxf6 28. Ng3 Nxg3+ 29. Rxg3 Re7 30. Qg1 Qf5 31. h3 Qc2 32. Qg2 Rd7 33. Kh2 Qxb2 34. f5 Qxa3 35. f6 Qf8 36. fxg7 Rxg7 37. Qxd5+ Kh8 38. f4 c3 39. Qc6 b4 40. Qxh6+ Kg8 41. Qe6+ Qf7 42. Rxg7+ Kxg7 43. Qe5+ Kh7 44. Qe4+ Kh6 45. Qc2 Qc4 46.
Qg2 c2 47. Qg5+ Kh7 48. Qf5+ Kg7 49. Qg5+ Kf7 50. Qf5+ Ke7 51. Qe5+ Kd7 52. Qg7+ Kc6 53. Qf6+ Kb5 54. Qe5+ Ka4 55. Qe8+ Kb3 0-1

[Event "Late-Titled-Tuesday-Blitz-March-12-2024"]
[Site "Chess.com"]
[Date "2024.03.12"]
[Round "2"]
[White "Timerkhanov"]
[Black "AryanTari"]
[Result "0-1"]
[WhiteElo "2631"]
[BlackElo "2938"]
[TimeControl "180+1"]
[EndTime "14:17:58 PDT"]
[Termination "AryanTari won by resignation"]

1. d4 d5 2. Nf3 Nf6 3. g3 Bf5 4. Bg2 e6 5. O-O h6 6. c4 c6 7. Qb3 Qb6 8. Nc3 Nbd7 9. c5 Qxb3 10. axb3 a6 11. b4 Rc8 12. Bf4 g5 13. Be5 Rg8 14.
Bxf6 Nxf6 15. Ne5 Be7 16. e3 Bd8 17. f4 Bc7 18. Rae1 gxf4 19. exf4 h5 20. Bf3 h4 21. Kf2 Ke7 22. Rg1 Rg7 23. g4 Bxe5 24. Rxe5 Nxg4+ 25. Bxg4 Rxg4 26. Rxg4 Bxg4 27. Rg5 Bf5 28. Nd1 a5 29.
bxa5 Rh8 30. Ne3 Be4 31. b4 Kf6 32. Ng4+ Ke7 33. Ne3 h3 34. Kg3 Kf8 35. Ng4 Bf5 36.
Nf6 Rh6 37. Rg8+ Ke7 38. Ng4 Rh7 39. Ne3 Bd3 40. Rb8 Ba6 41. Rg8 Bd3 42. Rb8 Rg7+ 43. Kxh3 Ba6 44. f5 Rg1 45. fxe6 fxe6 46. Ng4 Rd1 47. Ne5 Rxd4 48. b5 cxb5 49. c6 Kd6 50. Rd8+ Kc7 51. Rd7+ Kc8 52. Re7 Re4 53. cxb7+ Bxb7 54. Nf7 Kb8 55. Rxb7+ Kxb7 56. Nd6+ Ka6 57. Nxe4 dxe4 58. Kg3 b4 59. h4 b3 60. h5 b2 61.
h6 b1=Q 62. h7 Qb2 0-1

[Event "Late-Titled-Tuesday-Blitz-March-12-2024"]
[Site "Chess.com"]
[Date "2024.03.12"]
[Round "2"]
[White "Machidon"]
[Black "Rodalquilar"]
[Result "0-1"]
[WhiteElo "2486"]
[BlackElo "2792"]
[TimeControl "180+1"]
[EndTime "14:17:58 PDT"]
[Termination "Rodalquilar won by resignation"]

1. d4 d5 2. Bf4 Nf6 3. e3 e6 4. Nd2 Bd6 5. Bxd6 Qxd6 6. f4 b6 7. Ngf3 Ba6 8. Bxa6 Nxa6 9. c3 O-O 10. Ne5 c5 11. O-O Nc7 12. Qf3 b5 13. a3 a5 14.
g4 Nd7 15. Nxd7 Qxd7 16. dxc5 a4 17. e4 Qc6 18. exd5 Qxc5+ 19. Qf2 Qxd5 20. Nf3 Na6 21. Rad1 Qc5 22. Nd4 Nc7 23. Rfe1 Rad8 24. f5 e5 25. Nf3 Qxf2+ 26. Kxf2 f6 27. Nd2 Nd5 28. Ne4 Nf4 29. Kf3 h5 30. gxh5 Nxh5 31. Rd6 Rxd6 32. Nxd6 Rb8 33. Ke4 Nf4 34. Rd1 Rd8 35. Rd2 Kf8 36. c4 bxc4 37. Nxc4 Rb8 38. Rd7 Nh3 39. Kd5 Rc8 40.
Nd6 Rc2 41. Rf7+ Kg8 42. Rb7 Nf4+ 43. Ke4 Rxh2 44. Rb4 Re2+ 45. Kf3 Rd2 46. Rb8+ Kh7 47. Nf7 g6 48. fxg6+ Kxg6 49. Nd8 Kf5 50. Nc6 e4+ 51.
Ke3 Rd3+ 52. Kf2 e3+ 53. Ke1 e2 54. Rb4 Rd1+ 55. Kf2 e1=Q+ 0-1

[Event "Late-Titled-Tuesday-Blitz-March-12-2024"]
[Site "Chess.com"]
[Date "2024.03.12"]
[Round "2"]
[White "LUISMIGUELOV"]
[Black "Road2GM3000"]
[Result "0-1"]
[WhiteElo "2126"]
[BlackElo "2473"]
[TimeControl "180+1"]
[EndTime "14:17:59 PDT"]
[Termination "Road2GM3000 won by resignation"]

1. e4 d5 2. Nf3 c6 3. Nc3 e6 4. d4 dxe4 5. Nxe4 Be7 6. h4 Nf6 7. Bd3 Nbd7 8. Bg5 Nxe4 9. Bxe4 h6 10. Bxe7 Qxe7 11. Qe2 Nf6 12. Bd3 b6 13. c3 Bb7 14.
O-O c5 15. dxc5 Qxc5 16. Bb5+ Bc6 17. a4 O-O 18. Bxc6 Qxc6 19. Nd4 Qc7 20. Rad1 Rad8 21.
Qf3 Rd7 22. Nb5 Qd8 23. Rxd7 Qxd7 24. Rd1 Qe7 25. Qc6 Nd5 26. g3 Rd8 27. c4 Nb4 28.
Rxd8+ Qxd8 29. Qf3 a6 30. Nc3 Qc7 31. b3 Nc6 32.
Qe4 Ne5 33. Ne2 Nd7 34. Qf3 a5 35. Nf4 Nc5 36. Nh5 Qe5 37. Qg4 Qe1+ 38. Kg2 Qe4+ 39.
Qf3 Qxf3+ 40. Kxf3 Nxb3 41. Ke4 Nc5+ 42. Kd4 Nxa4 43.
g4 Nc5 44. f3 a4 45. Kc3 Kf8 46. Kb4 g6 47. Ng3 Ke7 48. Ne2 Kd6 49. Nc3 Ke5 50. Ne2 h5 51. g5 f6 52. gxf6 Kxf6 53. Nc3 Kf5 54. Nxa4 Nxa4 55. Kxa4 Ke5 56. Kb5 Kd4 57. Kxb6 Kxc4 58. Kc6 Kd4 59. Kd6 e5 60. Ke6 Ke3 61. Kxe5 Kxf3 62. Kf6 Kg4 63. Kxg6 Kxh4 64. Kf5 Kg3 65.
Ke4 h4 66. Ke3 h3 67. Ke2 Kg2 68. Ke3 h2 0-1

[Event "Late-Titled-Tuesday-Blitz-March-12-2024"]
[Site "Chess.com"]
[Date "2024.03.12"]
[Round "2"]
[White "Sokoloco"]
[Black "albi1999"]
[Result "0-1"]
[WhiteElo "2791"]
[BlackElo "2584"]
[TimeControl "180+1"]
[EndTime "14:18:00 PDT"]
[Termination "albi1999 won on time"]

1. b3 e5 2. Bb2 Nc6 3. e3 a6 4.
Nf3 e4 5. Nd4 Nxd4 6. Bxd4 Ne7 7.
c4 Nc6 8. Bb2 d5 9. cxd5 Qxd5 10. Nc3 Qf5 11. Qb1 Be6 12. Qxe4 Nb4 13. Qxf5 Bxf5 14.
e4 Bg6 15. O-O-O O-O-O 16. d4 c5 17. d5 Bd6 18. a3 Bf4+ 19. Rd2 Nc6 20. Nb1 Bxe4 21. Bc3 Nd4 22. Kb2 Bxd2 23. Nxd2 Bxd5 24. f3 Rhe8 25. b4 f6 26. bxc5 Ne6 27. Ba5 Rd7 28.
Bb6 Nf4 29. g3 Ne2 30. Bh3 Be6 31. Bxe6 Rxe6 32. Ne4 Rd5 33. Nd6+ Kd7 34. f4 Kc6 35. a4 Rexd6 36. cxd6 Kxb6 37. Re1 Nd4 38. Re7 Nf5 39. Rf7 h5 40. h3 Nxg3 41. d7 Nf5 42. Kc3 Kc6 43.
d8=Q Rxd8 44. a5 Rd7 45. Rf8 Nd6 46. Rh8 Ne4+ 47. Kc4 Nd6+ 48. Kb4 Re7 49. Rxh5 Re4+ 50. Kb3 Rxf4 51. Rh7 Rf3+ 52. Kb4 Rg3 53. Rh8 Rg5 54. Rh7 f5 55. Rh4 Rg3 0-1

[Event "Late-Titled-Tuesday-Blitz-March-12-2024"]
[Site "Chess.com"]
[Date "2024.03.12"]
[Round "2"]
[White "GoValya"]
[Black "corvachesky"]
[Result "1-0"]
[WhiteElo "2262"]
[BlackElo "2511"]
[TimeControl "180+1"]
[EndTime "14:18:02 PDT"]
[Termination "GoValya won on time"]

1. d4 Nf6 2. Nf3 d5 3. g3 Bf5 4.
c4 e6 5. Bg2 c6 6. O-O Be7 7.
Nc3 O-O 8. Nd2 h6 9. f3 Bh7 10. e4 dxe4 11. Ndxe4 Nbd7 12. Be3 a5 13. Rc1 Nb6 14.
Qe2 a4 15. Rfd1 a3 16. b3 Qc8 17. d5 exd5 18. Bxb6 dxe4 19. fxe4 c5 20. Nd5 Nxd5 21. cxd5 Ra6 22. Qb5 Qg4 23. Bxc5 Bxc5+ 24. Qxc5 Bxe4 25. Rd4 f5 26. Qc4 Rd6 27. Bxe4 fxe4 28. Rxe4 Qf3 29. Rf4 Rxf4 30. Qxf4 Qxf4 31. gxf4 Rxd5 32. Rc8+ Kh7 33. Ra8 Rd1+ 34. Kg2 Rd2+ 35. Kf3 Rxa2 36. Ra7 b5 37. Ra5 b4 38. Ra4 Rb2 39. Rxb4 a2 40. Ra4 Rxb3+ 41.
Kg4 Rb2 42. h4 Kg6 43. h5+ Kf7 44. Ra7+ Ke6 45. Ra6+ Kd5 46. Kf5 Kc4 47. Kg6 Rg2+ 48. Kf7 Kb3 49. f5 Rg1 50. Rb6+ Kc4 51. Rc6+ Kd5 52.
Ra6 Rg2 53. Ra5+ Ke4 54. f6 gxf6 55. Kxf6 Kf4 56. Ra4+ Ke3 57. Ra3+ Kd4 58. Ra4+ Kc5 59. Kf5 Kb5 60. Ra8 1-0

[Event "Late-Titled-Tuesday-Blitz-March-12-2024"]
[Site "Chess.com"]
[Date "2024.03.12"]
[Round "2"]
[White "N4700000"]
[Black "jinxy2009"]
[Result "1-0"]
[WhiteElo "2498"]
[BlackElo "2202"]
[TimeControl "180+1"]
[EndTime "14:18:03 PDT"]
[Termination "N4700000 won by resignation"]

1. e4 c5 2. a3 g6 3. h4 Bg7 4.
h5 Nc6 5. Nc3 e6 6. Bc4 Nge7 7. d3 d5 8. Ba2 b6 9. Nf3 Bb7 10. Qe2 d4 11. Nd1 Qd7 12. h6 Bf8 13. Bg5 O-O-O 14. Bf6 Rg8 15. Ng5 Re8 16. f4 Nd5 17. Bxd5 exd5 18. e5 Be7 19. Nxh7 Qe6 20. Bxe7 Rxe7 21. Ng5 Qf5 22. h7 Rh8 23. O-O Qd7 24.
Qf3 f5 25. exf6 Ree8 26. f7 Ref8 27. Nf2 Nd8 28. Qg4 Nxf7 29. Qxd7+ Kxd7 30. Ng4 Nxg5 31. fxg5 Rxf1+ 32. Rxf1 Ke6 33. Nf6 Bc6 34. g4 c4 35.
Kg2 cxd3 36. cxd3 Bb5 37. Rf3 Kf7 38. Nxd5+ Kg7 39. Nf6 Bc6 40. Kg3 Bxf3 41. Kxf3 Rc8 42. Ke4 Rc2 43. b4 Ra2 44. Kxd4 Rxa3 45. Kc4 Ra4 46.
Kb5 Ra3 47. d4 Rd3 48. Kc4 Rg3 49. d5 a5 50. bxa5 bxa5 51. Kb5 Rd3 52. Kxa5 Rxd5+ 53.
Nxd5 Kxh7 54. Nf4 Kg7 55. Kb5 Kf7 56. Kc5 Kg7 57. Kd6 Kf7 58. Ke5 Kg7 59. Ke6 Kg8 60. Kf6 Kh7 61. Nxg6 Kg8 62. Ne7+ Kh7 63. g6+ Kh6 64. g7 1-0

[Event "Late-Titled-Tuesday-Blitz-March-12-2024"]
[Site "Chess.com"]
[Date "2024.03.12"]
[Round "2"]
[White "Rawnsdale"]
[Black "Flawless_Fighter"]
[Result "1-0"]
[WhiteElo "2514"]
[BlackElo "2823"]
[TimeControl "180+1"]
[EndTime "14:18:07 PDT"]
[Termination "Rawnsdale won by resignation"]

1. e4 e5 2. Nf3 Nc6 3. Bb5 a6 4. Ba4 Nf6 5. O-O Be7 6. Re1 b5 7. Bb3 O-O 8. c3 d6 9. h3 Re8 10. d3 Bf8 11. Nbd2 h6 12. Nf1 Be6 13. Ng3 g6 14. d4 exd4 15. cxd4 Bxb3 16. axb3 Bg7 17. Bd2 Nd7 18. Be3 Nb4 19. Qd2 c5 20. dxc5 dxc5 21. Bxh6 Ne5 22. Nxe5 Bxe5 23. Qe2 Qd3 24. Qg4 Nc2 25.
Rad1 Qxb3 26. Re2 Nd4 27. Red2 Qe6 28. Qh4 Bf6 29. Bg5 Bg7 30. f4 a5 31. f5 Qe5 32. f6 Bf8 33. Rf2 Rad8 34. Rdf1 Ne6 35. Bh6 Bxh6 36. Qxh6 Qg5 37. Qxg5 Nxg5 38. Rf4 Rd4 39.
h4 Ne6 40. R4f2 Red8 41. h5 Kh7 42. hxg6+ Kxg6 43. Nf5 Rxe4 44. Ne7+ Kh7 45. Nc6 Rd5 46. Nxa5 Nd4 47. Nb7 Rh5 48. g3 Re3 49. Kg2 Ne6 50. Nd6 Kg6 51. Nf5 Rb3 52. Nh4+ Kh7 53. Rf5 Rxb2+ 54. Kh3 Rxf5 55. Rxf5 b4 56. Rh5+ Kg8 57. Nf5 Nf4+ 58. gxf4 Re2 59. Ne7+ Rxe7 60. fxe7 Kg7 61.
e8=Q b3 62. Qh8+ 1-0

[Event "Late-Titled-Tuesday-Blitz-March-12-2024"]
[Site "Chess.com"]
[Date "2024.03.12"]
[Round "2"]
[White "SirStrateg"]
[Black "platy3"]
[Result "0-1"]
[WhiteElo "2648"]
[BlackElo "2957"]
[TimeControl "180+1"]
[EndTime "14:18:12 PDT"]
[Termination "platy3 won by resignation"]

1. d4 Nf6 2. Bf4 d5 3. e3 c6 4. Nd2 Bg4 5. Ngf3 Nbd7 6. h3 Bh5 7. c3 e6 8. g4 Bg6 9. Nh4 Be7 10. Nxg6 hxg6 11. Bg2 Qb6 12. Qb3 O-O 13. Qxb6 axb6 14.
a3 b5 15. Kd1 Ne8 16. Kc2 Bd6 17.
Bxd6 Nxd6 18. e4 f5 19. gxf5 gxf5 20. e5 Ne4 21. Nxe4 fxe4 22. Rhf1 c5 23. f3 cxd4 24.
fxe4 Nxe5 25. exd5 d3+ 26. Kd2 Rad8 27. b3 exd5 28.
Rxf8+ Kxf8 29. Re1 Ng6 30. Rf1+ Ke7 31. Kxd3 Kd6 32.
Kd4 Ne7 33. Rf7 Re8 34. Kd3 Ng6 35. Kd2 Re7 36. Rf5 Ne5 37. Rg5 b6 38. Rf5 Ra7 39. Bf1 Rxa3 40. Bxb5 Rxb3 41. Be2 b5 42. Rg5 g6 43. h4 Rb2+ 44. Kd1 Ke6 45. h5 gxh5 46. Rxh5 Kd6 47. Rh8 Nc4 48. Rd8+ Ke5 49. Re8+ Kf4 50.
Bh5 Ne3+ 51. Ke1 Rc2 52. Rb8 Rxc3 53. Rxb5 Ke4 54. Bg6+ Kd4 55. Ke2 Ra3 56. Rb4+ Nc4 57. Bc2 Ra2 58. Kd1 Kc5 59. Rb3 d4 60. Rh3 Ne3+ 61. Kc1 Rxc2+ 62. Kb1 Rg2 0-1